 Dungeon Crawl Stone Soup version 0.27.0-1-g7a08968 (webtiles) character file.

Game seed: 4479958172133305876

1480 Illumine the Cleaver (level 8, -1/97 HPs)
             Began as a Hill Orc Fighter on Aug 29, 2021.
             Succumbed to a water moccasin's poison
             ... on level 5 of the Dungeon.
             The game lasted 00:05:47 (5604 turns).

Illumine the Cleaver (Hill Orc Fighter)             Turns: 5604, Time: 00:05:48

Health: -1/97      AC: 24    Str: 17 (19) XL:     8   Next: 79%
Magic:  8/8        EV:  2    Int:  9 (10) God:
Gold:   360        SH: 10    Dex:  9 (10) Spells: 7/7 levels left

rFire    + . .     SeeInvis .   j - +1 broad axe (venom)
rCold    . . .     Faith    .   c - +0 kite shield
rNeg     + + +     Spirit   .   (armour currently unavailable)
rPois    +         Reflect  .   (helmet currently unavailable)
rElec    .         Harm     .   (cloak currently unavailable)
rCorr    .         Rampage  .   (gloves currently unavailable)
Will     .....     NoTele   +   (boots currently unavailable)
Stlth    +.........             (no amulet)
HPRegen  0.26/turn              i - ring of protection from fire
MPRegen  0.11/turn              l - ring of flight

@: brilliant, lethally poisoned (-1 -> -12), tree-form, studying Dodging
A: stationary, stasis, torment immunity, boosted hp, frail 1, sense surroundings
1
a: no special abilities


You were on level 5 of the Dungeon.
You were a tree.
You visited 1 branch of the dungeon, and saw 6 of its levels.

You collected 360 gold pieces.

Inventory:

Hand Weapons
 j - a +1 broad axe of venom (weapon)
 m - a +0 hunting sling
Missiles
 d - 35 sling bullets
 f - 95 stones (quivered)
Armour
 b - a +0 scale mail (melded)
 c - a +0 kite shield (worn)
 r - a +0 pair of boots (melded)
Jewellery
 g - a ring of wizardry
 i - a ring of protection from fire (left branch)
 l - a ring of flight (right branch)
Wands
 v - a wand of mindburst (17)
Scrolls
 h - a scroll of magic mapping
 k - 2 scrolls of teleportation
 n - a scroll of amnesia
 s - a scroll of torment {unknown}
Potions
 a - a potion of might
 e - a potion of lignification
 o - a potion of berserk rage
 t - a potion of mutation


   Skills:
 + Level 7.0 Fighting
 * Level 9.6 Axes
 + Level 4.6 Armour
 + Level 1.7 Dodging
 + Level 6.3 Shields


You had 7 spell levels left.
You didn't know any spells.
Your spell library contained the following spells:

 Spells                   Type           Power      Damage    Failure   Level
 Slow                     Hex            0%         N/A       88%         2
 Static Discharge         Conj/Air       0%         N/A       88%         2
 Confusing Touch          Hex            0%         N/A       98%         3
 Vampiric Draining        Necr           0%         2d6       98%         3
 Dispel Undead            Necr           0%         3d6       100%        4
 Sticky Flame             Conj/Fire      0%         2d3       100%        4


Dungeon Overview and Level Annotations

Branches:
Dungeon (6/15)
 Temple: D:4-7

Altars:
Gozag
Hepliaklqana
Kikubaaqudgha
Nemelex Xobeh
Xom
Zin


Innate Abilities, Weirdness & Mutations

You are a tree.
Your roots penetrate the ground, keeping you stationary.
You cannot be teleported.
You are immune to unholy pain and torment.
Your maximum health is greatly increased.
Your equipment is partially melded.
You are frail. (-10% HP)
You passively map a small area around you.


Message History

The water moccasin poisons you!
You barely miss the water moccasin.
The water moccasin is almost dead.
You feel extremely sick. The water moccasin bites you.
You are more poisoned.
The water moccasin poisons you! The water moccasin barely misses you.
You slash the water moccasin!
You kill the water moccasin!
* * * LOW HITPOINT WARNING * * *
You feel extremely sick.
Your Fighting skill increases to level 7!
Unknown command.
It was a potion of mutation.
You feel extremely strange.
You feel a strange attunement to the structure of the dungeons.
You feel frail.
* * * LOW HITPOINT WARNING * * *
You feel extremely sick.
It was a potion of cancellation.
You feel magically purged.
* * * LOW HITPOINT WARNING * * *
You feel very sick.
It was a potion of degeneration.
There was something very wrong with that liquid.
You feel weakened.
You feel dopey.
You feel clumsy.
* * * LOW HITPOINT WARNING * * *
You feel very sick.
It was a potion of brilliance.
You feel clever all of a sudden.
* * * LOW HITPOINT WARNING * * *
You feel very sick.
Okay, then.
There is a lethal amount of poison in your body!
There is a lethal amount of poison in your body!
There is a lethal amount of poison in your body!
Really quaff the potion of lignification?
You turn into a tree.
Your +0 pair of boots melds into your body.
Your +0 scale mail melds into your body.
Your roots penetrate the ground.
You die...

### ### #.# #.# #.# #.#
######.###.# #..........###
#.####.###.#.# #.####.###.#.#
#.##.......#.####################
#..............†♣................
####...##.##....................>
#...##.##..........#####.#####
#...##.##..........# #...##.
###...##.##..........# #...##.
##........##..........#####......
#..##..#..##..........##.........
#.......☼....#######'##..##...##.
#..####§####.# #.##..##...##.


There were no monsters in sight!

Vanquished Creatures
  A two-headed ogre (D:4)
  A water moccasin (D:5)
  2 black bears
  A centaur (D:5)
  A phantom (D:4)
  A kobold brigand (D:4)
  A jelly (D:4)
  2 bullfrog skeletons (D:5)
  Jessica (D:2)
  An iguana (D:5)
  Natasha (thrice) (D:2)
  Robin (D:4)
  A howler monkey skeleton (D:4)
  2 adders (D:4)
  An adder zombie (D:5)
  2 worms (D:2)
  3 dart slugs
  3 endoplasms (D:2)
  2 giant cockroaches (D:4)
  11 goblins
  9 hobgoblins
  6 jackals (D:5)
  4 quokkas
  6 ball pythons (D:2)
  3 bats
  6 frilled lizards
  11 kobolds
  7 rats
93 creatures vanquished.

Notes
Turn   | Place    | Note
-------+----------+-------------------------------------------
     0 | D:1      | Illumine the Hill Orc Fighter began the quest for the Orb.
     0 | D:1      | Reached XP level 1. HP: 19/19 MP: 1/1
   335 | D:1      | Reached skill level 3 in Axes
   444 | D:1      | Reached XP level 2. HP: 27/27 MP: 2/2
  1288 | D:2      | Reached XP level 3. HP: 33/33 MP: 3/3
  1610 | D:2      | Noticed Natasha
  1623 | D:2      | Killed Natasha
  1624 | D:2      | Reached skill level 4 in Axes
  1624 | D:2      | Reached XP level 4. HP: 29/40 MP: 4/4
  1724 | D:2      | Noticed Natasha
  1730 | D:2      | Killed Natasha
  1774 | D:2      | Noticed Natasha
  1783 | D:2      | Killed Natasha
  1784 | D:2      | Reached XP level 5. HP: 42/47 MP: 5/5
  1837 | D:2      | Noticed Jessica
  1849 | D:2      | HP: 3/70 [poisoned by Jessica]
  1850 | D:2      | HP: 1/70 [Jessica (1)]
  1853 | D:2      | Killed Jessica
  2295 | D:2      | Reached skill level 5 in Axes
  2780 | D:3      | Found an opulent altar of Gozag.
  2780 | D:3      | Found a sparkling altar of Nemelex Xobeh.
  3078 | D:3      | Found a hazy altar of Hepliaklqana.
  3210 | D:3      | Found an ancient bone altar of Kikubaaqudgha.
  3322 | D:4      | Found a shimmering altar of Xom.
  3323 | D:4      | Noticed Robin
  3434 | D:4      | Noticed a phantom
  3434 | D:4      | Noticed a black bear
  3453 | D:3      | Killed a black bear
  3454 | D:3      | Reached XP level 6. HP: 44/55 MP: 6/6
  3469 | D:4      | Reached skill level 5 in Fighting
  3469 | D:4      | Reached skill level 6 in Axes
  3530 | D:4      | You are sucked into a shaft and drop 1 floor!
  3530 | D:5      | Entered Level 5 of the Dungeon
  3553 | D:5      | Noticed a two-headed ogre
  3587 | D:4      | Killed a two-headed ogre
  3588 | D:4      | Reached skill level 8 in Axes
  3588 | D:4      | Reached skill level 5 in Shields
  3588 | D:4      | Reached XP level 7. HP: 57/64 MP: 7/7
  3588 | D:4      | Reached XP level 8. HP: 63/71 MP: 8/8
  3611 | D:4      | Killed Robin
  3618 | D:4      | Identified a scroll of acquirement
  3620 | D:4      | Acquired a +1 broad axe of venom
  4174 | D:4      | Reached skill level 9 in Axes
  4836 | D:5      | Found a glowing silver altar of Zin.
  4963 | D:5      | Reached skill level 1 in Dodging
  5600 | D:5      | Gained mutation: You passively map a small area around you.
                  | [potion of mutation]
  5600 | D:5      | Gained mutation: You are frail. (-10% HP) [potion of
                  | mutation]
  5603 | D:5      | HP: 1/65 [poisoned by a water moccasin]
  5604 | D:5      | Succumbed to a water moccasin's poison

Illustrated notes

Levels and vault maps discovered:
D:1:      dpeg_arrival_round_b, layout_loops_corners
D:2:      layout_loops_ring, minmay_misc_feat_square, minmay_misc_feat_chi,
          uniq_jessica, uniq_natasha
D:3:      layout_basic, grunt_temple_overflow_opulence,
          mainiacjoe_overflow_big_doors
D:4:      layout_basic, amcnicky_altar_gilded, minmay_manual_monstrance,
          uniq_robin
D:5:      layout_basic, mainiacjoe_overflow_cross_hatched,
          kennysheep_minor_cross, minmay_liquid_box, lemuel_flamethrower_2
D:6:      layout_rooms, minmay_temple_entry_statues_fountains,
          serial_corexii_hall, chequers_hall_statues_y, chequers_hall_statues_y,
          minmay_mini_ossuary

Skill      XL: |  1  2  3  4  5  6  7  8 |
---------------+-------------------------+-----
Axes           | 3 4 5 8 9 |  9.6
Fighting       | 4 6 7 |  7.0
Armour         | 4 |  4.6
Shields        | 4 5 6 |  6.3
Dodging        | 1 |  1.7

Action                   |  1- 3 |  4- 6 |  7- 9 || total
-------------------------+-------+-------+-------++-------
Melee: War axe           |    87 |    99 |     8 ||   194
       Broad axe         |       |       |    67 ||    67
Throw: Stone             |       |     2 |    15 ||    17
  Use: Potion            |       |     4 |     5 ||     9
       Scroll            |       |       |     7 ||     7
Armor: Scale mail        |    23 |    42 |    31 ||    96
       Skin              |       |    13 |    15 ||    28
Dodge: Dodged            |    28 |    33 |    27 ||    88
Block: Kite shield       |    32 |    53 |    57 ||   142
